Gangsters vs Inferno (R1)

Created - November 14, 2020 at 20:15

Goals
1 2 3 T
Gangsters 1 2 0 3
Inferno 1 4 2 7
Shots
1 2 3 T
Gangsters 13 11 15 39
Inferno 13 19 10 42

1st period

1. Gangsters , Dave Dziurzynski 10 (Richard Panik 13, Morgan Ellis 6) at 14:37 (PP)
2. Inferno , Kevin Labanc 4 (Esa Lindell 8, David Savard 4) at 18:38

Penalties :
Greg Pateryn (Anc) for Hooking (Minor) at 6:20, David Pope (Bro) for Hooking (Minor) at 10:53, Ryan Spooner (Anc) for Tripping (Minor) at 14:25

2nd period

3. Inferno , Peter Cehlarik 3 (Esa Lindell 9, Ryan Spooner 4) at 3:20
4. Inferno , Vladimir Sobotka 4 (Tanner Pearson 5) at 3:36
5. Gangsters , Richard Panik 7 (Dave Dziurzynski 11, Artem Anisimov 11) at 9:31
6. Inferno , Bryan Rust 4 (Esa Lindell 10, Vladimir Sobotka 6) at 15:13
7. Gangsters , Dave Dziurzynski 11 (Richard Panik 14, Brett Ponich 8) at 15:23
8. Inferno , Ryan Spooner 5 (Bryan Rust 6, David Savard 5) at 18:10

Penalties :
Bryan Rust (Anc) for Slashing (Minor) at 0:03, Greg Pateryn (Anc) for Holding (Minor) at 16:02, Morgan Ellis (Bro) for Hooking (Minor) at 18:42

3rd period

9. Inferno , Evgeny Svechnikov 2 (Jake DeBrusk 5, Philip Varone 7) at 6:31 (PP)
10. Inferno , Philip Varone 8 (Jake DeBrusk 6) at 17:40 (PP)

Penalties :
Peter Cehlarik (Anc) for Tripping (Minor) at 1:08, Jonas Brodin (Bro) for Hooking (Minor) at 5:15, Samuel Blais (Bro) for Roughing (Minor) at 7:35, Richard Panik (Bro) for Hooking (Minor) at 11:36, Seth Griffith (Bro) for Hooking (Minor) at 17:01, Brett Ponich (Bro) for Hooking (Minor) at 19:08, Greg Pateryn (Anc) for Diving (Minor) at 19:58

Goalie Stats

Jordan Binnington (Bro), 35 saves from 42 shots - (0.833), L, 1-3-1, 60:00 minutes
Michael Hutchinson (Anc), 36 saves from 39 shots - (0.923), W, 6-1-2, 60:00 minutes

Players Stats for Gangsters

Player Name              G  A  P  +/- PIM S  H  SB GA TA FO     MP     PP MP  PK MP  
------------------------------------------------------------------------------------
Artem Anisimov           0  1  1   0  0   1  1  1  0  3  19/43  25:22   4:40   6:29 
Brett Ponich             0  1  1  -2  2   1  6  1  0  0  0/0    29:48   4:55   6:28 
Connor Chatam            0  0  0   0  0   0  2  0  0  0  0/0     8:24   0:00   0:00 
Dave Dziurzynski         2  1  3   0  0   3  0  1  1  0  2/3    21:36   4:40   2:31 
David Pope               0  0  0   0  2   4  3  0  0  1  0/0    14:10   3:28   0:00 
Derrick Pouliot          0  0  0   0  0   1  1  3  0  0  0/0    19:12   3:13   3:26 
Jake Marchment           0  0  0   0  0   1  0  0  0  0  4/9     8:24   0:00   0:00 
Jonas Brodin             0  0  0   0  2   4  0  1  2  2  0/0    18:45   3:13   3:00 
Kevin Roy                0  0  0  -3  0   2  0  2  0  0  5/10    9:51   0:00   2:00 
Morgan Ellis             0  1  1  -2  2   3  1  1  0  0  0/0    29:29   4:55   6:03 
Phillip Danault          0  0  0  -3  0   4  0  1  0  0  1/1     9:32   0:00   1:41 
Richard Panik            1  2  3   0  2   7  1  1  0  0  4/12   24:09   4:40   5:15 
Samuel Blais             0  0  0   0  2   2  2  0  0  0  0/0     8:26   0:00   0:00 
Sebastian Collberg       0  0  0  -3  0   1  1  1  0  0  0/0     7:46   0:00   0:00 
Seth Griffith            0  0  0   0  2   0  1  0  0  0  5/7    14:47   3:28   0:55 
Stefan Noesen            0  0  0   0  0   3  1  0  1  0  0/0    16:42   3:28   2:31 
Steven Santini           0  0  0  -1  0   1  0  1  0  0  0/0    12:36   0:00   2:25 
Vince Dunn               0  0  0  -1  0   1  0  0  0  0  0/0    10:12   0:00   0:00 

Players Stats for Inferno

Player Name              G  A  P  +/- PIM S  H  SB GA TA FO     MP     PP MP  PK MP  
------------------------------------------------------------------------------------
Barclay Goodrow          0  0  0   0  0   2  1  0  0  0  0/0     8:03   0:00   0:00 
Bryan Rust               1  1  2   2  2   5  0  2  1  0  0/1    18:41   0:00   3:48 
David Savard             0  2  2   4  0   1  2  2  0  0  0/0    29:34   7:00   4:58 
Esa Lindell              0  3  3   4  0   4  0  2  0  1  0/0    29:34   7:00   4:58 
Evgeny Svechnikov        1  0  1   0  0   1  1  0  0  1  1/2    12:15   5:02   0:00 
Frank Corrado            0  0  0   0  0   0  0  0  0  0  0/0     8:50   0:00   0:00 
Greg Pateryn             0  0  0   0  6   1  2  2  0  0  0/0    20:15   3:40   1:43 
Jake DeBrusk             0  2  2   0  0   4  0  1  0  0  2/6    16:18   5:02   2:21 
Kevin Labanc             1  0  1   1  0   8  2  0  2  0  0/2    16:32   5:39   0:00 
Mathieu Brodeur          0  0  0  -1  0   0  1  1  0  1  0/0    21:36   3:41   3:10 
Matthew Nieto            0  0  0   1  0   0  0  0  1  0  0/1    12:42   0:00   1:15 
Peter Cehlarik           1  0  1   0  2   2  1  0  0  0  0/0     8:16   0:00   0:00 
Philip Varone            1  1  2   1  0   5  1  0  1  0  7/15   19:45   5:02   3:15 
Rasmus Andersson         0  0  0   0  0   0  1  2  0  0  0/0    10:33   0:00   1:27 
Ryan Spooner             1  1  2   1  2   1  1  1  0  0  5/8    10:42   0:00   2:15 
Tanner Pearson           0  1  1   1  0   4  3  1  0  1  2/6    20:35   5:39   0:00 
Victor Rask              0  0  0   0  0   1  2  1  0  0  11/17  13:06   5:39   0:20 
Vladimir Sobotka         1  1  2   1  0   3  1  1  1  0  17/27  14:28   0:00   3:02 

3 Stars

1 - Esa Lindell (Anc)
2 - David Savard (Anc)
3 - Vladimir Sobotka (Anc)

Power Play

Gangsters - 1 on 6 Attempt(s) - 16.67%
Inferno - 2 on 7 Attempt(s) - 28.57%

Penalty Kill

Gangsters - 5 on 7 Attempt(s) - 71.43% - Score 0 goal in Penalty Kill
Inferno - 5 on 6 Attempt(s) - 83.33% - Score 0 goal in Penalty Kill

Team Stat

Gangsters - Hits : 20 - Faceoff Wins : 40 - Blocked Shots : 14 - Penalty Minutes : 14
Inferno - Hits : 19 - Faceoff Wins : 45 - Blocked Shots : 16 - Penalty Minutes : 12

Official

Referees : Unknown
Linesman : Unknown

Game Notes

13:29 of 2nd period - Inferno goal is going for a video replay. After video review, No Goal. The referee deems the play has been stopped, even if he had not physically had the opportunity to stop play by blowing his whistle.
Vladimir Sobotka is injured at 16:40 of 2nd period (Head)

Finance

Level 1 -- Attendance: 1467 (73.35%) -- Ticket Income $58,680
Level 2 -- Attendance: 673 (67.30%) -- Ticket Income $13,460
Total Attendance: 2140 (71.33%)
Total Ticket Income: $72,140
Other Income: $3,607
Total Income: $75,747

Gangsters

5 vs 5 Forward 
   Center                   Left Wing                Right Wing               Time % Phy DF OF 
 1 Artem Anisimov           Dave Dziurzynski         Richard Panik            35     1   2  2  
 2 Seth Griffith            David Pope               Stefan Noesen            25     1   2  2  
 3 Kevin Roy                Phillip Danault          Sebastian Collberg       20     1   2  2  
 4 Jake Marchment           Samuel Blais             Connor Chatam            20     1   2  2  

5 vs 5 Defense 
   Defense                  Defense                                           Time % Phy DF OF 
 1 Brett Ponich             Morgan Ellis                                      40     1   2  2  
 2 Jonas Brodin             Derrick Pouliot                                   30     1   2  2  
 3 Vince Dunn               Steven Santini                                    20     1   2  2  
 4 Brett Ponich             Morgan Ellis                                      10     1   2  2  

PowerPlay Forward 
   Center                   Left Wing                Right Wing               Time % Phy DF OF 
 1 Artem Anisimov           Dave Dziurzynski         Richard Panik            60     1   2  2  
 2 Seth Griffith            David Pope               Stefan Noesen            40     1   2  2  

PowerPlay Defense
   Defense                  Defense                                           Time % Phy DF OF 
 1 Brett Ponich             Morgan Ellis                                      60     1   2  2  
 2 Jonas Brodin             Derrick Pouliot                                   40     1   2  2  

Penalty Kill 4 Players Forward 
   Center                   Wing                     Time % Phy DF OF 
 1 Richard Panik            Artem Anisimov           60     1   2  2  
 2 Dave Dziurzynski         Stefan Noesen            40     1   2  2  

Penalty Kill 4 Players Defense
   Defense                  Defense                  Time % Phy DF OF 
 1 Brett Ponich             Morgan Ellis             60     1   2  2  
 2 Jonas Brodin             Derrick Pouliot          40     1   2  2  

Penalty Kill - 3 Players Forward 
   Forward                                           Time % Phy DF OF 
 1 Richard Panik                                     60     1   2  2  
 2 Artem Anisimov                                    40     1   2  2  

Penalty Kill - 3 Players Defense
   Defense                  Defense                  Time % Phy DF OF 
 1 Brett Ponich             Morgan Ellis             60     1   2  2  
 2 Jonas Brodin             Derrick Pouliot          40     1   2  2  

4 vs 4 Forward 
   Center                   Wing                     Time % Phy DF OF 
 1 Richard Panik            Artem Anisimov           60     1   2  2  
 2 Dave Dziurzynski         Stefan Noesen            40     1   2  2  

4 vs 4 Defense
   Defense                  Defense                  Time % Phy DF OF 
 1 Brett Ponich             Morgan Ellis             60     1   2  2  
 2 Jonas Brodin             Derrick Pouliot          40     1   2  2  

Last Minutes Offensive
   Center                   Left Wing                Right Wing               Defense                  Defense                  
   Artem Anisimov           Dave Dziurzynski         Richard Panik            Brett Ponich             Morgan Ellis             

Last Minutes Defensive
   Center                   Left Wing                Right Wing               Defense                  Defense                  
   Artem Anisimov           Dave Dziurzynski         Richard Panik            Brett Ponich             Morgan Ellis             

Goaltenders
Starting : Jordan Binnington        
Backup : Samuel Montembeault      

Extra Forwards
Normal : Phillip Danault, Sebastian Collberg, Kevin Roy - PP : Phillip Danault, Sebastian Collberg - PK : Kevin Roy
Extra Defensemen
Normal : Vince Dunn, Steven Santini, Jonas Brodin - PP : Vince Dunn - PK : Steven Santini, Jonas Brodin
Penalty Shots
Richard Panik, Artem Anisimov, Dave Dziurzynski, Stefan Noesen, Seth Griffith

Scratches
Will Borgen (Healthy), Colton White (Healthy), Dryden Hunt (Healthy), Joel Kiviranta (Healthy), Mikhail Vorobyev (Healthy)
Ryan Culkin (Healthy), Keegan Kolesar (Healthy), Adam Lowry (Healthy), Joshua Jacobs (Healthy), Jacob Middleton (Healthy)

Inferno

5 vs 5 Forward 
   Center                   Left Wing                Right Wing               Time % Phy DF OF 
 1 Vladimir Sobotka         Tanner Pearson           Bryan Rust               40     1   2  2  
 2 Philip Varone            Matthew Nieto            Kevin Labanc             30     1   2  2  
 3 Victor Rask              Jake DeBrusk             Evgeny Svechnikov        20     1   2  2  
 4 Ryan Spooner             Peter Cehlarik           Barclay Goodrow          10     1   2  2  

5 vs 5 Defense 
   Defense                  Defense                                           Time % Phy DF OF 
 1 David Savard             Esa Lindell                                       40     1   2  2  
 2 Mathieu Brodeur          Greg Pateryn                                      30     1   2  2  
 3 Frank Corrado            Rasmus Andersson                                  20     1   2  2  
 4 Mathieu Brodeur          Greg Pateryn                                      10     1   2  2  

PowerPlay Forward 
   Center                   Left Wing                Right Wing               Time % Phy DF OF 
 1 Victor Rask              Tanner Pearson           Kevin Labanc             60     1   2  2  
 2 Philip Varone            Jake DeBrusk             Evgeny Svechnikov        40     1   2  2  

PowerPlay Defense
   Defense                  Defense                                           Time % Phy DF OF 
 1 David Savard             Esa Lindell                                       60     1   2  2  
 2 Mathieu Brodeur          Greg Pateryn                                      40     1   2  2  

Penalty Kill 4 Players Forward 
   Center                   Wing                     Time % Phy DF OF 
 1 Vladimir Sobotka         Bryan Rust               60     1   2  2  
 2 Philip Varone            Matthew Nieto            40     1   2  2  

Penalty Kill 4 Players Defense
   Defense                  Defense                  Time % Phy DF OF 
 1 David Savard             Esa Lindell              60     1   2  2  
 2 Mathieu Brodeur          Greg Pateryn             40     1   2  2  

Penalty Kill - 3 Players Forward 
   Forward                                           Time % Phy DF OF 
 1 Vladimir Sobotka                                  60     1   2  2  
 2 Bryan Rust                                        40     1   2  2  

Penalty Kill - 3 Players Defense
   Defense                  Defense                  Time % Phy DF OF 
 1 David Savard             Esa Lindell              60     1   2  2  
 2 Mathieu Brodeur          Greg Pateryn             40     1   2  2  

4 vs 4 Forward 
   Center                   Wing                     Time % Phy DF OF 
 1 Vladimir Sobotka         Tanner Pearson           60     1   2  2  
 2 Philip Varone            Bryan Rust               40     1   2  2  

4 vs 4 Defense
   Defense                  Defense                  Time % Phy DF OF 
 1 David Savard             Esa Lindell              60     1   2  2  
 2 Mathieu Brodeur          Greg Pateryn             40     1   2  2  

Last Minutes Offensive
   Center                   Left Wing                Right Wing               Defense                  Defense                  
   Vladimir Sobotka         Tanner Pearson           Bryan Rust               David Savard             Esa Lindell              

Last Minutes Defensive
   Center                   Left Wing                Right Wing               Defense                  Defense                  
   Vladimir Sobotka         Tanner Pearson           Bryan Rust               David Savard             Esa Lindell              

Goaltenders
Starting : Michael Hutchinson       
Backup : Antti Raanta             

Extra Forwards
Normal : Jake DeBrusk, Matthew Nieto, Evgeny Svechnikov - PP : Evgeny Svechnikov, Matthew Nieto - PK : Ryan Spooner
Extra Defensemen
Normal : Mathieu Brodeur, Greg Pateryn, Rasmus Andersson - PP : Greg Pateryn - PK : Mathieu Brodeur, Greg Pateryn
Penalty Shots
Tanner Pearson, Jake DeBrusk, Evgeny Svechnikov, Kevin Labanc, Victor Rask

Scratches
Chris Brown (Healthy), Tyler Shattock (Healthy), Christian Jaros (Healthy), Trevor Carrick (Healthy), Petteri Lindbohm (Healthy)
Alexander True (Healthy), Eric Karlsson (Healthy), John Gilmour (Healthy), Ryan Donato (Healthy), Vladislav Kamenev (Healthy)
Dominik Masin (Healthy), Brandon Hickey (Healthy), Nathan Lieuwen (Healthy), Vitek Vanecek (Healthy)

% Time on Ice - Gangsters

Lines # - Real PCT - Wanted PCT - Time Play
Normal Forward
1 - 35% - 35% - 14:17
2 - 26% - 25% - 10:43
3 - 19% - 20% - 7:46
4 - 20% - 20% - 8:24
Normal Defense
1 - 39% - 40% - 15:54
2 - 30% - 30% - 12:33
3 - 25% - 20% - 10:11
4 - 6% - 10% - 2:32
PP Forward
1 - 57% - 60% - 4:40
2 - 43% - 40% - 3:28
PP Defense
1 - 60% - 60% - 4:55
2 - 40% - 40% - 3:13
PK Forward
1 - 76% - 60% - 8:10
2 - 24% - 40% - 2:31
PK Defense
1 - 68% - 60% - 7:15
2 - 32% - 40% - 3:26
PK3 Forward
1 - 0% - 60%
2 - 0% - 40%
PK3 Defense
1 - 0% - 60%
2 - 0% - 40%
44 Forward
1 - 100% - 60% - 0:01
2 - 0% - 40% - 0:00
44 Defense
1 - 100% - 60% - 0:01
2 - 0% - 40% - 0:00
Last Minute Offensive  - 0:00
Last Minute Defensive  - 0:00
Total
Forward - 60:00
Defense - 60:00

% Time on Ice - Inferno

Lines # - Real PCT - Wanted PCT - Time Play
Normal Forward
1 - 38% - 40% - 15:44
2 - 26% - 30% - 10:51
3 - 16% - 20% - 6:32
4 - 20% - 10% - 8:03
Normal Defense
1 - 43% - 40% - 17:35
2 - 31% - 30% - 12:36
3 - 21% - 20% - 8:50
4 - 5% - 10% - 2:09
PP Forward
1 - 53% - 60% - 5:39
2 - 47% - 40% - 5:02
PP Defense
1 - 66% - 60% - 7:00
2 - 34% - 40% - 3:41
PK Forward
1 - 91% - 60% - 7:23
2 - 9% - 40% - 0:45
PK Defense
1 - 61% - 60% - 4:58
2 - 39% - 40% - 3:10
PK3 Forward
1 - 0% - 60%
2 - 0% - 40%
PK3 Defense
1 - 0% - 60%
2 - 0% - 40%
44 Forward
1 - 100% - 60% - 0:01
2 - 0% - 40% - 0:00
44 Defense
1 - 100% - 60% - 0:01
2 - 0% - 40% - 0:00
Last Minute Offensive  - 0:00
Last Minute Defensive  - 0:00
Total
Forward - 60:00
Defense - 60:00

Play-by-Play

1st period


0:01 of 1st period - Vladimir Sobotka wins face-off versus Artem Anisimov in neutral zone.
0:04 of 1st period - Wrist shot by Tanner Pearson.
0:04 of 1st period - Deflect By Bryan Rust.
0:04 of 1st period - Shot Misses the Net.
0:04 of 1st period - Puck is out of play.
0:05 of 1st period - Vladimir Sobotka wins face-off versus Artem Anisimov in Gangsters zone.
0:08 of 1st period - Snap shot by Tanner Pearson.
0:08 of 1st period - Shot Misses the Net.
0:31 of 1st period - Brett Ponich is hit by David Savard and loses puck.
0:52 of 1st period - Snap shot by Kevin Roy.
0:52 of 1st period - Stopped by Michael Hutchinson without a rebound.
0:53 of 1st period - Phillip Danault wins face-off versus Victor Rask in Inferno zone.
0:54 of 1st period - Slapshot by Sebastian Collberg.
0:54 of 1st period - Shot Misses the Net.
0:56 of 1st period - Snap shot by Sebastian Collberg.
0:56 of 1st period - Stopped by Michael Hutchinson with a rebound.
0:58 of 1st period - Snap shot by Phillip Danault.
0:58 of 1st period - Shot Misses the Net.
1:00 of 1st period - Slapshot by Kevin Roy.
1:00 of 1st period - Shot Misses the Net.
1:02 of 1st period - Snap shot by Kevin Roy.
1:02 of 1st period - Shot Blocked by Greg Pateryn.
1:18 of 1st period - Samuel Blais is hit by Peter Cehlarik and loses puck.
1:47 of 1st period - Slapshot by Tanner Pearson.
1:47 of 1st period - Stopped by Jordan Binnington without a rebound.
1:48 of 1st period - Philip Varone wins face-off versus Seth Griffith in Gangsters zone.
1:53 of 1st period - Slapshot by Kevin Labanc.
1:53 of 1st period - Shot Misses the Net.
1:55 of 1st period - Wrist shot by Kevin Labanc.
1:55 of 1st period - Stopped by Jordan Binnington with a rebound.
1:57 of 1st period - Wrist shot by Kevin Labanc.
1:57 of 1st period - Deflect By Matthew Nieto.
1:57 of 1st period - Shot Hit the Post.
1:57 of 1st period - Puck is out of play.
1:58 of 1st period - Seth Griffith wins face-off versus Matthew Nieto in Gangsters zone.
2:32 of 1st period - Snap shot by Matthew Nieto.
2:32 of 1st period - Shot Misses the Net.
2:34 of 1st period - Slapshot by Philip Varone.
2:34 of 1st period - Shot Misses the Net.
2:50 of 1st period - Snap shot by Stefan Noesen.
2:50 of 1st period - Shot Misses the Net.
3:32 of 1st period - Wrist shot by Kevin Labanc.
3:32 of 1st period - Shot Misses the Net.
4:19 of 1st period - Snap shot by Philip Varone.
4:19 of 1st period - Stopped by Jordan Binnington without a rebound.
4:20 of 1st period - Artem Anisimov wins face-off versus Tanner Pearson in Gangsters zone.
4:35 of 1st period - Wrist shot by Tanner Pearson.
4:35 of 1st period - Deflect By Bryan Rust.
4:35 of 1st period - Stopped by Jordan Binnington without a rebound.
4:36 of 1st period - Victor Rask wins face-off versus Jake Marchment in Gangsters zone.
5:05 of 1st period - Off-side.
5:06 of 1st period - Vladimir Sobotka wins face-off versus Artem Anisimov in neutral zone.
5:17 of 1st period - Slapshot by Bryan Rust.
5:17 of 1st period - Deflect By Tanner Pearson.
5:17 of 1st period - Shot Blocked by Richard Panik.
5:17 of 1st period - Puck is out of play.
5:18 of 1st period - Vladimir Sobotka wins face-off versus Kevin Roy in Gangsters zone.
5:27 of 1st period - Snap shot by Bryan Rust.
5:27 of 1st period - Shot Blocked by Steven Santini.
5:49 of 1st period - Wrist shot by Artem Anisimov.
5:49 of 1st period - Stopped by Michael Hutchinson with a rebound.
5:55 of 1st period - Wrist shot by Richard Panik.
5:55 of 1st period - Shot Misses the Net.
6:04 of 1st period - Icing by David Savard.
6:05 of 1st period - Jake Marchment wins face-off versus Ryan Spooner in Inferno zone.
6:10 of 1st period - Wrist shot by Samuel Blais.
6:10 of 1st period - Stopped by Michael Hutchinson without a rebound.
6:11 of 1st period - Jake Marchment wins face-off versus Ryan Spooner in Inferno zone.
6:18 of 1st period - Snap shot by Connor Chatam.
6:18 of 1st period - Shot Misses the Net.
6:20 of 1st period - Minor Penalty to Greg Pateryn for Hooking.
6:21 of 1st period - Vladimir Sobotka wins face-off versus Artem Anisimov in Inferno zone.
7:08 of 1st period - Slapshot by Philip Varone.
7:08 of 1st period - Stopped by Jordan Binnington without a rebound.
7:09 of 1st period - Philip Varone wins face-off versus Artem Anisimov in Gangsters zone.
7:12 of 1st period - Snap shot by Philip Varone.
7:12 of 1st period - Stopped by Jordan Binnington with a rebound.
7:32 of 1st period - Vladimir Sobotka is hit by David Pope and loses puck.
8:20 of 1st period - Penalty to Greg Pateryn is over, Greg Pateryn is back on ice.
8:35 of 1st period - Off-side.
8:36 of 1st period - Kevin Roy wins face-off versus Philip Varone in neutral zone.
8:49 of 1st period - Vince Dunn is hit by Philip Varone and loses puck.
9:02 of 1st period - Victor Rask is hit by Connor Chatam and loses puck.
9:07 of 1st period - Snap shot by Samuel Blais.
9:07 of 1st period - Shot Blocked by Esa Lindell.
9:09 of 1st period - Slapshot by Morgan Ellis.
9:09 of 1st period - Stopped by Michael Hutchinson with a rebound.
9:11 of 1st period - Snap shot by Morgan Ellis.
9:11 of 1st period - Shot Blocked by Victor Rask.
9:13 of 1st period - Slapshot by Morgan Ellis.
9:13 of 1st period - Shot Blocked by Jake DeBrusk.
9:15 of 1st period - Slapshot by Morgan Ellis.
9:15 of 1st period - Stopped by Michael Hutchinson without a rebound.
9:16 of 1st period - Vladimir Sobotka wins face-off versus Artem Anisimov in Inferno zone.
9:29 of 1st period - Wrist shot by Richard Panik.
9:29 of 1st period - Stopped by Michael Hutchinson without a rebound.
9:30 of 1st period - Artem Anisimov wins face-off versus Vladimir Sobotka in Inferno zone.
10:53 of 1st period - Minor Penalty to David Pope for Hooking.
10:54 of 1st period - Richard Panik wins face-off versus Kevin Labanc in Gangsters zone.
11:30 of 1st period - Slapshot by Esa Lindell.
11:30 of 1st period - Deflect By Evgeny Svechnikov.
11:30 of 1st period - Shot Misses the Net.
11:30 of 1st period - Puck is out of play.
11:31 of 1st period - Dave Dziurzynski wins face-off versus Victor Rask in Gangsters zone.
12:13 of 1st period - Jonas Brodin is hit by Kevin Labanc and loses puck.
12:22 of 1st period - Slapshot by Stefan Noesen.
12:22 of 1st period - Stopped by Michael Hutchinson with a rebound.
12:24 of 1st period - Wrist shot by Stefan Noesen.
12:24 of 1st period - Shot Misses the Net.
12:30 of 1st period - Wrist shot by Dave Dziurzynski.
12:30 of 1st period - Shot Misses the Net.
12:32 of 1st period - Slapshot by Morgan Ellis.
12:32 of 1st period - Shot Misses the Net.
12:50 of 1st period - Slapshot by Stefan Noesen.
12:50 of 1st period - Shot Misses the Net.
12:53 of 1st period - Penalty to David Pope is over, David Pope is back on ice.
12:56 of 1st period - Wrist shot by Jake DeBrusk.
12:56 of 1st period - Stopped by Jordan Binnington with a rebound.
12:58 of 1st period - Wrist shot by Philip Varone.
12:58 of 1st period - Shot Misses the Net.
13:00 of 1st period - Snap shot by Philip Varone.
13:00 of 1st period - Deflect By Jake DeBrusk.
13:00 of 1st period - Stopped by Jordan Binnington with a rebound.
13:02 of 1st period - Snap shot by Jake DeBrusk.
13:02 of 1st period - Stopped by Jordan Binnington with a rebound.
13:04 of 1st period - Snap shot by Jake DeBrusk.
13:04 of 1st period - Shot Misses the Net.
13:06 of 1st period - Slapshot by David Savard.
13:06 of 1st period - Stopped by Jordan Binnington with a rebound.
13:08 of 1st period - Wrist shot by Philip Varone.
13:08 of 1st period - Stopped by Jordan Binnington with a rebound.
13:10 of 1st period - Slapshot by Esa Lindell.
13:10 of 1st period - Deflect By Evgeny Svechnikov.
13:10 of 1st period - Shot Misses the Net.
13:10 of 1st period - Puck is out of play.
13:11 of 1st period - Kevin Roy wins face-off versus Tanner Pearson in Gangsters zone.
13:11 of 1st period - Kevin Roy is hit by Greg Pateryn.
13:16 of 1st period - Off-side.
13:17 of 1st period - Kevin Roy wins face-off versus Vladimir Sobotka in neutral zone.
13:30 of 1st period - Wrist shot by Vladimir Sobotka.
13:30 of 1st period - Shot Blocked by Sebastian Collberg.
13:44 of 1st period - Sebastian Collberg is hit by Barclay Goodrow.
13:48 of 1st period - Slapshot by Vince Dunn.
13:48 of 1st period - Stopped by Michael Hutchinson without a rebound.
13:49 of 1st period - Ryan Spooner wins face-off versus Jake Marchment in Inferno zone.
14:25 of 1st period - Minor Penalty to Ryan Spooner for Tripping.
14:26 of 1st period - Vladimir Sobotka wins face-off versus Artem Anisimov in Inferno zone.
14:26 of 1st period - Vladimir Sobotka is hit by Brett Ponich.
14:35 of 1st period - Slapshot by Dave Dziurzynski.
14:35 of 1st period - Shot Misses the Net.
14:37 of 1st period - Slapshot by Dave Dziurzynski.
14:37 of 1st period - Goal by Dave Dziurzynski - Gangsters : 1 - Inferno : 0.
14:38 of 1st period - Artem Anisimov wins face-off versus Bryan Rust in neutral zone.
15:07 of 1st period - Snap shot by Esa Lindell.
15:07 of 1st period - Shot Misses the Net.
15:09 of 1st period - Snap shot by David Savard.
15:09 of 1st period - Deflect By Victor Rask.
15:09 of 1st period - Shot Blocked by Jonas Brodin.
15:09 of 1st period - Puck is out of play.
15:10 of 1st period - Dave Dziurzynski wins face-off versus Vladimir Sobotka in Gangsters zone.
15:25 of 1st period - Slapshot by Artem Anisimov.
15:25 of 1st period - Deflect By Bryan Rust.
15:25 of 1st period - Shot Misses the Net.
15:25 of 1st period - Puck is out of play.
15:26 of 1st period - Victor Rask wins face-off versus Kevin Roy in Inferno zone.
15:26 of 1st period - Victor Rask is hit by Sebastian Collberg.
15:52 of 1st period - Dave Dziurzynski is hit by Vladimir Sobotka and loses puck.
16:58 of 1st period - Greg Pateryn is hit by David Pope and loses puck.
17:03 of 1st period - Backhand shot by Stefan Noesen.
17:03 of 1st period - Stopped by Michael Hutchinson without a rebound.
17:04 of 1st period - Vladimir Sobotka wins face-off versus Artem Anisimov in Inferno zone.
17:09 of 1st period - Artem Anisimov is hit by Mathieu Brodeur and loses puck.
17:16 of 1st period - Slapshot by Brett Ponich.
17:16 of 1st period - Stopped by Michael Hutchinson without a rebound.
17:17 of 1st period - Vladimir Sobotka wins face-off versus Artem Anisimov in Inferno zone.
17:30 of 1st period - Snap shot by Tanner Pearson.
17:30 of 1st period - Stopped by Jordan Binnington without a rebound.
17:31 of 1st period - Artem Anisimov wins face-off versus Vladimir Sobotka in Gangsters zone.
18:22 of 1st period - Icing by David Savard.
18:23 of 1st period - Kevin Roy wins face-off versus Philip Varone in Inferno zone.
18:28 of 1st period - Wrist shot by Phillip Danault.
18:28 of 1st period - Stopped by Michael Hutchinson with a rebound.
18:38 of 1st period - Wrist shot by Kevin Labanc.
18:38 of 1st period - Goal by Kevin Labanc - Gangsters : 1 - Inferno : 1.
18:39 of 1st period - Artem Anisimov wins face-off versus Vladimir Sobotka in neutral zone.
19:00 of 1st period - Vladimir Sobotka is hit by Brett Ponich and loses puck.
19:41 of 1st period - Snap shot by Tanner Pearson.
19:41 of 1st period - Shot Misses the Net.
19:43 of 1st period - Snap shot by Tanner Pearson.
19:43 of 1st period - Shot Blocked by Brett Ponich.
19:45 of 1st period - Backhand shot by Bryan Rust.
19:45 of 1st period - Deflect By Dave Dziurzynski.
19:45 of 1st period - Shot Hit the Post.
19:45 of 1st period - Puck is out of play.
19:46 of 1st period - Jake Marchment wins face-off versus Philip Varone in Gangsters zone.
Goals for this period are 1 for Gangsters vs 1 for Inferno.
Shots for this period are 13 for Gangsters vs 13 for Inferno.

2nd period


0:01 of 2nd period - Vladimir Sobotka wins face-off versus Artem Anisimov in neutral zone.
0:03 of 2nd period - Minor Penalty to Bryan Rust for Slashing.
0:04 of 2nd period - Artem Anisimov wins face-off versus Vladimir Sobotka in Inferno zone.
0:06 of 2nd period - Wrist shot by Dave Dziurzynski.
0:06 of 2nd period - Shot Misses the Net.
1:33 of 2nd period - Vladimir Sobotka is hit by Richard Panik.
2:03 of 2nd period - Penalty to Bryan Rust is over, Bryan Rust is back on ice.
2:09 of 2nd period - Snap shot by Peter Cehlarik.
2:09 of 2nd period - Stopped by Jordan Binnington with a rebound.
2:27 of 2nd period - Slapshot by Jonas Brodin.
2:27 of 2nd period - Shot Hit the Post.
2:29 of 2nd period - Wrist shot by Phillip Danault.
2:29 of 2nd period - Shot Misses the Net.
2:31 of 2nd period - Slapshot by Jonas Brodin.
2:31 of 2nd period - Shot Blocked by Tanner Pearson.
2:53 of 2nd period - Philip Varone is hit by Samuel Blais and loses puck.
3:08 of 2nd period - Snap shot by Jake DeBrusk.
3:08 of 2nd period - Shot Blocked by Phillip Danault.
3:18 of 2nd period - Slapshot by Esa Lindell.
3:18 of 2nd period - Shot Blocked by Kevin Roy.
3:20 of 2nd period - Snap shot by Peter Cehlarik.
3:20 of 2nd period - Goal by Peter Cehlarik - Gangsters : 1 - Inferno : 2.
3:21 of 2nd period - Artem Anisimov wins face-off versus Vladimir Sobotka in neutral zone.
3:28 of 2nd period - Snap shot by Richard Panik.
3:28 of 2nd period - Stopped by Michael Hutchinson with a rebound.
3:36 of 2nd period - Wrist shot by Vladimir Sobotka.
3:36 of 2nd period - Goal by Vladimir Sobotka - Gangsters : 1 - Inferno : 3.
3:37 of 2nd period - Artem Anisimov wins face-off versus Tanner Pearson in neutral zone.
3:40 of 2nd period - Greg Pateryn is hit by Brett Ponich and loses puck.
4:39 of 2nd period - Slapshot by Brett Ponich.
4:39 of 2nd period - Shot Blocked by Esa Lindell.
4:51 of 2nd period - Slapshot by Esa Lindell.
4:51 of 2nd period - Shot Blocked by Derrick Pouliot.
4:53 of 2nd period - Slapshot by Esa Lindell.
4:53 of 2nd period - Stopped by Jordan Binnington without a rebound.
4:54 of 2nd period - Ryan Spooner wins face-off versus Artem Anisimov in Gangsters zone.
4:55 of 2nd period - Wrist shot by Peter Cehlarik.
4:55 of 2nd period - Shot Misses the Net.
5:09 of 2nd period - Barclay Goodrow is hit by Artem Anisimov and loses puck.
5:57 of 2nd period - Snap shot by Kevin Labanc.
5:57 of 2nd period - Stopped by Jordan Binnington with a rebound.
7:08 of 2nd period - David Savard is hit by Connor Chatam and loses puck.
7:15 of 2nd period - Snap shot by Samuel Blais.
7:15 of 2nd period - Shot Misses the Net.
7:17 of 2nd period - Slapshot by Jake Marchment.
7:17 of 2nd period - Stopped by Michael Hutchinson without a rebound.
7:18 of 2nd period - Artem Anisimov wins face-off versus Philip Varone in Inferno zone.
7:27 of 2nd period - Jonas Brodin is hit by Rasmus Andersson and loses puck.
7:46 of 2nd period - Icing by Jonas Brodin.
7:47 of 2nd period - Evgeny Svechnikov wins face-off versus Seth Griffith in Gangsters zone.
8:00 of 2nd period - Snap shot by David Pope.
8:00 of 2nd period - Stopped by Michael Hutchinson without a rebound.
8:01 of 2nd period - Vladimir Sobotka wins face-off versus Artem Anisimov in Inferno zone.
8:06 of 2nd period - Slapshot by Artem Anisimov.
8:06 of 2nd period - Shot Blocked by Greg Pateryn.
8:08 of 2nd period - Wrist shot by Dave Dziurzynski.
8:08 of 2nd period - Shot Misses the Net.
8:10 of 2nd period - Slapshot by Morgan Ellis.
8:10 of 2nd period - Deflect By Mathieu Brodeur.
8:10 of 2nd period - Stopped by Michael Hutchinson with a rebound.
8:12 of 2nd period - Wrist shot by Brett Ponich.
8:12 of 2nd period - Shot Blocked by Bryan Rust.
8:14 of 2nd period - Slapshot by Brett Ponich.
8:14 of 2nd period - Shot Misses the Net.
8:16 of 2nd period - Snap shot by Dave Dziurzynski.
8:16 of 2nd period - Shot Blocked by Bryan Rust.
9:31 of 2nd period - Wrist shot by Dave Dziurzynski.
9:31 of 2nd period - Deflect By Richard Panik.
9:31 of 2nd period - Goal by Richard Panik - Gangsters : 2 - Inferno : 3.
9:32 of 2nd period - Vladimir Sobotka wins face-off versus Artem Anisimov in neutral zone.
9:35 of 2nd period - Richard Panik is hit by Tanner Pearson and loses puck.
9:44 of 2nd period - Snap shot by Bryan Rust.
9:44 of 2nd period - Shot Misses the Net.
9:46 of 2nd period - Slapshot by Tanner Pearson.
9:46 of 2nd period - Shot Misses the Net.
9:48 of 2nd period - Slapshot by Greg Pateryn.
9:48 of 2nd period - Stopped by Jordan Binnington with a rebound.
10:00 of 2nd period - Slapshot by Jake DeBrusk.
10:00 of 2nd period - Stopped by Jordan Binnington with a rebound.
11:42 of 2nd period - Wrist shot by Ryan Spooner.
11:42 of 2nd period - Shot Misses the Net.
11:56 of 2nd period - Snap shot by Peter Cehlarik.
11:56 of 2nd period - Shot Misses the Net.
11:58 of 2nd period - Wrist shot by Barclay Goodrow.
11:58 of 2nd period - Stopped by Jordan Binnington without a rebound.
11:59 of 2nd period - Vladimir Sobotka wins face-off versus Artem Anisimov in Gangsters zone.
12:02 of 2nd period - Snap shot by Tanner Pearson.
12:02 of 2nd period - Stopped by Jordan Binnington without a rebound.
12:03 of 2nd period - Vladimir Sobotka wins face-off versus Artem Anisimov in Gangsters zone.
12:03 of 2nd period - Esa Lindell is hit by Brett Ponich and loses puck.
12:16 of 2nd period - Wrist shot by Tanner Pearson.
12:16 of 2nd period - Shot Misses the Net.
12:18 of 2nd period - Slapshot by Esa Lindell.
12:18 of 2nd period - Shot Misses the Net.
12:20 of 2nd period - Snap shot by Bryan Rust.
12:20 of 2nd period - Stopped by Jordan Binnington without a rebound.
12:21 of 2nd period - Seth Griffith wins face-off versus Philip Varone in Gangsters zone.
12:28 of 2nd period - Wrist shot by Seth Griffith.
12:28 of 2nd period - Shot Blocked by Mathieu Brodeur.
12:30 of 2nd period - Snap shot by Derrick Pouliot.
12:30 of 2nd period - Stopped by Michael Hutchinson with a rebound.
12:32 of 2nd period - Slapshot by Jonas Brodin.
12:32 of 2nd period - Stopped by Michael Hutchinson with a rebound.
12:34 of 2nd period - Slapshot by Jonas Brodin.
12:34 of 2nd period - Stopped by Michael Hutchinson without a rebound.
12:35 of 2nd period - Vladimir Sobotka wins face-off versus Artem Anisimov in Inferno zone.
12:42 of 2nd period - Slapshot by Tanner Pearson.
12:42 of 2nd period - Deflect By Vladimir Sobotka.
12:42 of 2nd period - Stopped by Jordan Binnington with a rebound.
12:48 of 2nd period - Mathieu Brodeur is hit by Brett Ponich and loses puck.
13:16 of 2nd period - Slapshot by Vladimir Sobotka.
13:16 of 2nd period - Stopped by Jordan Binnington without a rebound.
13:17 of 2nd period - Artem Anisimov wins face-off versus Philip Varone in Gangsters zone.
13:23 of 2nd period - Wrist shot by Philip Varone.
13:23 of 2nd period - Shot Misses the Net.
13:27 of 2nd period - Wrist shot by Matthew Nieto.
13:27 of 2nd period - Shot Blocked by Dave Dziurzynski.
13:29 of 2nd period - Snap shot by Kevin Labanc.
13:29 of 2nd period - Inferno goal is going for a video replay.
13:29 of 2nd period - The goal is refused. The referee deems the play has been stopped, even if he had not physically had the opportunity to stop play by blowing his whistle..
13:30 of 2nd period - Philip Varone wins face-off versus Artem Anisimov in Gangsters zone.
14:00 of 2nd period - Slapshot by Esa Lindell.
14:00 of 2nd period - Stopped by Jordan Binnington with a rebound.
14:02 of 2nd period - Wrist shot by Victor Rask.
14:02 of 2nd period - Deflect By Jake DeBrusk.
14:02 of 2nd period - Shot Misses the Net.
14:02 of 2nd period - Puck is out of play.
14:03 of 2nd period - Vladimir Sobotka wins face-off versus Jake Marchment in Gangsters zone.
14:18 of 2nd period - Snap shot by Tanner Pearson.
14:18 of 2nd period - Deflect By Bryan Rust.
14:18 of 2nd period - Stopped by Jordan Binnington with a rebound.
14:20 of 2nd period - Slapshot by Esa Lindell.
14:20 of 2nd period - Stopped by Jordan Binnington without a rebound.
14:21 of 2nd period - Philip Varone wins face-off versus Artem Anisimov in Gangsters zone.
14:49 of 2nd period - Slapshot by Bryan Rust.
14:49 of 2nd period - Stopped by Jordan Binnington without a rebound.
14:50 of 2nd period - Kevin Roy wins face-off versus Vladimir Sobotka in Gangsters zone.
14:50 of 2nd period - Kevin Roy is hit by David Savard.
14:55 of 2nd period - Off-side.
14:56 of 2nd period - Artem Anisimov wins face-off versus Tanner Pearson in neutral zone.
15:01 of 2nd period - Snap shot by Dave Dziurzynski.
15:01 of 2nd period - Stopped by Michael Hutchinson with a rebound.
15:13 of 2nd period - Snap shot by Bryan Rust.
15:13 of 2nd period - Goal by Bryan Rust - Gangsters : 2 - Inferno : 4.
15:14 of 2nd period - Artem Anisimov wins face-off versus Vladimir Sobotka in neutral zone.
15:21 of 2nd period - Wrist shot by Richard Panik.
15:21 of 2nd period - Stopped by Michael Hutchinson with a rebound.
15:23 of 2nd period - Wrist shot by Dave Dziurzynski.
15:23 of 2nd period - Goal by Dave Dziurzynski - Gangsters : 3 - Inferno : 4.
15:24 of 2nd period - Tanner Pearson wins face-off versus Artem Anisimov in neutral zone.
15:27 of 2nd period - Dave Dziurzynski is hit by Tanner Pearson and loses puck.
16:02 of 2nd period - Minor Penalty to Greg Pateryn for Holding.
16:03 of 2nd period - Vladimir Sobotka wins face-off versus Artem Anisimov in Inferno zone.
16:10 of 2nd period - Off-side.
16:11 of 2nd period - Artem Anisimov wins face-off versus Vladimir Sobotka in neutral zone.
16:38 of 2nd period - Snap shot by Richard Panik.
16:38 of 2nd period - Shot Blocked by David Savard.
16:40 of 2nd period - Slapshot by Morgan Ellis.
16:40 of 2nd period - Shot Blocked by Vladimir Sobotka.
16:40 of 2nd period - Vladimir Sobotka from Inferno is injured at 16:40 of 2nd period (Head).
16:41 of 2nd period - Ryan Spooner wins face-off versus Artem Anisimov in Inferno zone.
18:02 of 2nd period - Penalty to Greg Pateryn is over, Greg Pateryn is back on ice.
18:10 of 2nd period - Wrist shot by Ryan Spooner.
18:10 of 2nd period - Goal by Ryan Spooner - Gangsters : 3 - Inferno : 5.
18:11 of 2nd period - Victor Rask wins face-off versus Artem Anisimov in neutral zone.
18:14 of 2nd period - Artem Anisimov is hit by Greg Pateryn.
18:42 of 2nd period - Minor Penalty to Morgan Ellis for Hooking.
18:43 of 2nd period - Richard Panik wins face-off versus Victor Rask in Gangsters zone.
Goals for this period are 2 for Gangsters vs 4 for Inferno.
Shots for this period are 11 for Gangsters vs 19 for Inferno.

3rd period


0:01 of 3rd period - Artem Anisimov wins face-off versus Kevin Labanc in neutral zone.
0:42 of 3rd period - Penalty to Morgan Ellis is over, Morgan Ellis is back on ice.
0:46 of 3rd period - Wrist shot by Richard Panik.
0:46 of 3rd period - Deflect By Artem Anisimov.
0:46 of 3rd period - Shot Misses the Net.
0:46 of 3rd period - Puck is out of play.
0:47 of 3rd period - Seth Griffith wins face-off versus Ryan Spooner in Inferno zone.
0:54 of 3rd period - Snap shot by David Pope.
0:54 of 3rd period - Stopped by Michael Hutchinson with a rebound.
1:08 of 3rd period - Minor Penalty to Peter Cehlarik for Tripping.
1:09 of 3rd period - Ryan Spooner wins face-off versus Artem Anisimov in Inferno zone.
1:34 of 3rd period - Philip Varone is hit by Seth Griffith and loses puck.
1:39 of 3rd period - Slapshot by Jonas Brodin.
1:39 of 3rd period - Shot Misses the Net.
1:41 of 3rd period - Slapshot by Jonas Brodin.
1:41 of 3rd period - Shot Misses the Net.
1:43 of 3rd period - Wrist shot by David Pope.
1:43 of 3rd period - Shot Hit the Post.
3:08 of 3rd period - Penalty to Peter Cehlarik is over, Peter Cehlarik is back on ice.
3:08 of 3rd period - Seth Griffith is hit by Victor Rask and loses puck.
3:20 of 3rd period - Icing by Victor Rask.
3:21 of 3rd period - Victor Rask wins face-off versus Jake Marchment in Inferno zone.
3:21 of 3rd period - Victor Rask is hit by Samuel Blais.
3:37 of 3rd period - Snap shot by Barclay Goodrow.
3:37 of 3rd period - Deflect By Steven Santini.
3:37 of 3rd period - Stopped by Jordan Binnington with a rebound.
3:54 of 3rd period - Wrist shot by Phillip Danault.
3:54 of 3rd period - Stopped by Michael Hutchinson with a rebound.
3:56 of 3rd period - Wrist shot by Kevin Roy.
3:56 of 3rd period - Stopped by Michael Hutchinson without a rebound.
3:57 of 3rd period - Philip Varone wins face-off versus Artem Anisimov in Inferno zone.
4:02 of 3rd period - Slapshot by Kevin Labanc.
4:02 of 3rd period - Stopped by Jordan Binnington without a rebound.
4:03 of 3rd period - Artem Anisimov wins face-off versus Jake DeBrusk in Gangsters zone.
4:35 of 3rd period - Slapshot by Stefan Noesen.
4:35 of 3rd period - Stopped by Michael Hutchinson with a rebound.
4:50 of 3rd period - Icing by Sebastian Collberg.
4:51 of 3rd period - Ryan Spooner wins face-off versus Kevin Roy in Gangsters zone.
5:15 of 3rd period - Minor Penalty to Jonas Brodin for Hooking.
5:16 of 3rd period - Victor Rask wins face-off versus Richard Panik in Gangsters zone.
5:26 of 3rd period - Slapshot by Victor Rask.
5:26 of 3rd period - Shot Blocked by Artem Anisimov.
5:28 of 3rd period - Snap shot by Tanner Pearson.
5:28 of 3rd period - Shot Misses the Net.
5:30 of 3rd period - Wrist shot by Kevin Labanc.
5:30 of 3rd period - Stopped by Jordan Binnington with a rebound.
5:32 of 3rd period - Slapshot by Esa Lindell.
5:32 of 3rd period - Shot Misses the Net.
5:43 of 3rd period - Icing by Philip Varone.
5:44 of 3rd period - Richard Panik wins face-off versus Philip Varone in Inferno zone.
5:45 of 3rd period - Backhand shot by Artem Anisimov.
5:45 of 3rd period - Deflect By Richard Panik.
5:45 of 3rd period - Shot Blocked by David Savard.
5:45 of 3rd period - Puck is out of play.
5:46 of 3rd period - Philip Varone wins face-off versus Richard Panik in Inferno zone.
6:01 of 3rd period - Snap shot by Esa Lindell.
6:01 of 3rd period - Shot Blocked by Derrick Pouliot.
6:09 of 3rd period - Slapshot by Esa Lindell.
6:09 of 3rd period - Stopped by Jordan Binnington without a rebound.
6:10 of 3rd period - Victor Rask wins face-off versus Richard Panik in Gangsters zone.
6:31 of 3rd period - Slapshot by Jake DeBrusk.
6:31 of 3rd period - Deflect By Evgeny Svechnikov.
6:31 of 3rd period - Goal by Evgeny Svechnikov - Gangsters : 3 - Inferno : 6.
6:32 of 3rd period - Jake DeBrusk wins face-off versus Richard Panik in neutral zone.
7:16 of 3rd period - Connor Chatam is hit by Ryan Spooner and loses puck.
7:35 of 3rd period - Minor Penalty to Samuel Blais for Roughing.
7:36 of 3rd period - Victor Rask wins face-off versus Richard Panik in Gangsters zone.
9:17 of 3rd period - Jake DeBrusk is hit by Derrick Pouliot and loses puck.
9:30 of 3rd period - Morgan Ellis is hit by Tanner Pearson and loses puck.
9:35 of 3rd period - Penalty to Samuel Blais is over, Samuel Blais is back on ice.
9:45 of 3rd period - Snap shot by Brett Ponich.
9:45 of 3rd period - Shot Blocked by Ryan Spooner.
9:47 of 3rd period - Wrist shot by Connor Chatam.
9:47 of 3rd period - Shot Misses the Net.
9:49 of 3rd period - Wrist shot by Samuel Blais.
9:49 of 3rd period - Shot Blocked by Rasmus Andersson.
9:51 of 3rd period - Slapshot by Brett Ponich.
9:51 of 3rd period - Shot Misses the Net.
9:53 of 3rd period - Slapshot by Morgan Ellis.
9:53 of 3rd period - Shot Blocked by Rasmus Andersson.
10:11 of 3rd period - Wrist shot by David Pope.
10:11 of 3rd period - Stopped by Michael Hutchinson with a rebound.
10:59 of 3rd period - Icing by Jonas Brodin.
11:00 of 3rd period - Jake Marchment wins face-off versus Evgeny Svechnikov in Gangsters zone.
11:36 of 3rd period - Minor Penalty to Richard Panik for Hooking.
11:37 of 3rd period - Victor Rask wins face-off versus Kevin Roy in Gangsters zone.
11:46 of 3rd period - Slapshot by Tanner Pearson.
11:46 of 3rd period - Shot Blocked by Kevin Roy.
11:48 of 3rd period - Snap shot by Kevin Labanc.
11:48 of 3rd period - Stopped by Jordan Binnington without a rebound.
11:49 of 3rd period - Victor Rask wins face-off versus Kevin Roy in Gangsters zone.
11:52 of 3rd period - Snap shot by Victor Rask.
11:52 of 3rd period - Stopped by Jordan Binnington with a rebound.
11:54 of 3rd period - Wrist shot by Kevin Labanc.
11:54 of 3rd period - Shot Misses the Net.
11:56 of 3rd period - Slapshot by Victor Rask.
11:56 of 3rd period - Shot Misses the Net.
11:58 of 3rd period - Snap shot by Kevin Labanc.
11:58 of 3rd period - Deflect By Tanner Pearson.
11:58 of 3rd period - Stopped by Jordan Binnington with a rebound.
12:00 of 3rd period - Wrist shot by Victor Rask.
12:00 of 3rd period - Shot Hit the Post.
12:54 of 3rd period - Icing by Mathieu Brodeur.
12:55 of 3rd period - Seth Griffith wins face-off versus Philip Varone in Inferno zone.
13:36 of 3rd period - Penalty to Richard Panik is over, Richard Panik is back on ice.
13:41 of 3rd period - Snap shot by Phillip Danault.
13:41 of 3rd period - Stopped by Michael Hutchinson without a rebound.
13:42 of 3rd period - Victor Rask wins face-off versus Jake Marchment in Inferno zone.
13:53 of 3rd period - Snap shot by Samuel Blais.
13:53 of 3rd period - Stopped by Michael Hutchinson without a rebound.
13:54 of 3rd period - Artem Anisimov wins face-off versus Jake DeBrusk in Inferno zone.
13:57 of 3rd period - Slapshot by Dave Dziurzynski.
13:57 of 3rd period - Shot Misses the Net.
14:07 of 3rd period - Slapshot by Richard Panik.
14:07 of 3rd period - Stopped by Michael Hutchinson with a rebound.
14:09 of 3rd period - Snap shot by Richard Panik.
14:09 of 3rd period - Stopped by Michael Hutchinson with a rebound.
14:19 of 3rd period - Philip Varone is hit by Stefan Noesen and loses puck.
14:24 of 3rd period - Snap shot by David Pope.
14:24 of 3rd period - Deflect By Esa Lindell.
14:24 of 3rd period - Stopped by Michael Hutchinson with a rebound.
15:02 of 3rd period - Samuel Blais is hit by Evgeny Svechnikov and loses puck.
15:39 of 3rd period - Seth Griffith is hit by Kevin Labanc and loses puck.
15:50 of 3rd period - Slapshot by Steven Santini.
15:50 of 3rd period - Stopped by Michael Hutchinson with a rebound.
16:38 of 3rd period - Slapshot by Jonas Brodin.
16:38 of 3rd period - Stopped by Michael Hutchinson with a rebound.
16:40 of 3rd period - Wrist shot by Jonas Brodin.
16:40 of 3rd period - Stopped by Michael Hutchinson with a rebound.
16:54 of 3rd period - Off-side.
16:55 of 3rd period - Seth Griffith wins face-off versus Victor Rask in neutral zone.
17:01 of 3rd period - Minor Penalty to Seth Griffith for Hooking.
17:02 of 3rd period - Victor Rask wins face-off versus Richard Panik in Gangsters zone.
17:06 of 3rd period - Snap shot by Kevin Labanc.
17:06 of 3rd period - Stopped by Jordan Binnington without a rebound.
17:07 of 3rd period - Artem Anisimov wins face-off versus Victor Rask in Gangsters zone.
17:36 of 3rd period - Slapshot by Esa Lindell.
17:36 of 3rd period - Deflect By Philip Varone.
17:36 of 3rd period - Shot Blocked by Morgan Ellis.
17:36 of 3rd period - Puck is out of play.
17:37 of 3rd period - Philip Varone wins face-off versus Dave Dziurzynski in Gangsters zone.
17:38 of 3rd period - Snap shot by Jake DeBrusk.
17:38 of 3rd period - Shot Blocked by Derrick Pouliot.
17:40 of 3rd period - Slapshot by Philip Varone.
17:40 of 3rd period - Goal by Philip Varone - Gangsters : 3 - Inferno : 7.
17:41 of 3rd period - Artem Anisimov wins face-off versus Jake DeBrusk in neutral zone.
17:44 of 3rd period - Wrist shot by Richard Panik.
17:44 of 3rd period - Stopped by Michael Hutchinson with a rebound.
18:06 of 3rd period - David Savard is hit by Brett Ponich and loses puck.
18:13 of 3rd period - Wrist shot by Phillip Danault.
18:13 of 3rd period - Stopped by Michael Hutchinson with a rebound.
18:15 of 3rd period - Snap shot by Sebastian Collberg.
18:15 of 3rd period - Shot Misses the Net.
18:33 of 3rd period - David Savard is hit by David Pope and loses puck.
18:58 of 3rd period - Wrist shot by Victor Rask.
18:58 of 3rd period - Deflect By Jake DeBrusk.
18:58 of 3rd period - Shot Misses the Net.
18:58 of 3rd period - Puck is out of play.
18:59 of 3rd period - Artem Anisimov wins face-off versus Jake DeBrusk in Gangsters zone.
19:03 of 3rd period - Off-side.
19:04 of 3rd period - Tanner Pearson wins face-off versus Richard Panik in neutral zone.
19:08 of 3rd period - Minor Penalty to Brett Ponich for Hooking.
19:09 of 3rd period - Richard Panik wins face-off versus Victor Rask in Gangsters zone.
19:09 of 3rd period - Richard Panik is hit by Victor Rask.
19:20 of 3rd period - Tanner Pearson is hit by Morgan Ellis and loses puck.
19:58 of 3rd period - Minor Penalty to Greg Pateryn for Diving.
19:59 of 3rd period - Jake DeBrusk wins face-off versus Richard Panik in Inferno zone.
Goals for this period are 0 for Gangsters vs 2 for Inferno.
Shots for this period are 15 for Gangsters vs 10 for Inferno.